 Dungeon Crawl Stone Soup version 0.19.5 (webtiles) character file.

62 Haldmier the Slasher (level 3, -1/24 HPs)
             Began as a High Elf Skald on Apr 12, 2017.
             Slain by a sky beast (6 damage)
             ... on level 2 of the Dungeon.
             The game lasted 00:08:45 (2321 turns).

Haldmier the Slasher (High Elf Skald)               Turns: 2321, Time: 00:08:45

Health: -1/24      AC:  4    Str: 12    XL:     3   Next: 85%
Magic:  3/7        EV: 11    Int: 15    God:
Gold:   67         SH:  0    Dex: 15    Spells: 3 memorised, 0 levels left

rFire  . . .     SeeInvis .     a - +0 falchion
rCold  . . .     Gourm    .     b - +0 leather armour
rNeg   . . .     Faith    .     (no shield)
rPois  .         Spirit   .     (no helmet)
rElec  .         Reflect  .     e - +0 cloak
rCorr  .         Harm     .     (no gloves)
MR     .....                    (no boots)
Stlth  +.........               g - amulet of regeneration
                                (no ring)
                                (no ring)

@: infused (expiring)
A: no striking features
a: no special abilities


You were on level 2 of the Dungeon.
You were not hungry.

You visited 1 branch of the dungeon, and saw 3 of its levels.

You collected 67 gold pieces.

Inventory:

Hand Weapons
 a - a +0 falchion (weapon)
 p - a +1 whip of electrocution
Missiles
 k - 62 stones (quivered)
Armour
 b - a +0 leather armour (worn)
 e - a +0 cloak (worn)
 r - a +0 ring mail
Jewellery
 g - an amulet of regeneration (around neck)
 h - a cursed ring of loudness {unknown}
 l - an uncursed ring of flight {unknown}
 n - a +4 ring of strength {unknown}
 t - a cursed ring of teleportation {unknown}
Scrolls
 f - 3 scrolls of remove curse {unknown}
 i - 3 scrolls of identify {unknown}
 u - a scroll of fear {unknown}
 v - a scroll of fog {unknown}
 w - a scroll of random uselessness {unknown}
 x - a scroll of immolation {unknown}
Potions
 j - 3 potions of curing {unknown}
 o - a potion of flight {unknown}
 s - 2 potions of beneficial mutation {unknown}
 z - a potion of heal wounds {unknown}
Books
 c - a book of Battle

   Spells                             Type                      Level
   a - Infusion                       Charms                       1
   b - Shroud of Golubria             Charms/Translocation         2
   c - Song of Slaying                Charms                       2
   d - Spectral Weapon                Hexes/Charms                 3
   e - Regeneration                   Charms/Necromancy            3
Comestibles
 d - a bread ration
 m - 4 meat rations
 q - 7 chunks of flesh


   Skills:
 - Level 2.0 Fighting
 + Level 4.3 Long Blades
 - Level 0.8 Armour
 - Level 1.1 Dodging
 - Level 2.4 Spellcasting
 * Level 0.0 Hexes
 - Level 3.6 Charms
 + Level 2.1 Translocations


You couldn't memorise any spells.
You knew the following spells:

 Your Spells              Type           Power        Failure   Level  Hunger
a - Infusion              Chrm           ##..         8%          1    #......
b - Shroud of Golubria    Chrm/Tloc      ##........   17%         2    ###....
c - Spectral Weapon       Hex/Chrm       #.......     45%         3    ###....


Dungeon Overview and Level Annotations

Branches:
Dungeon (3/15)

Altars:

Annotations:
D:2 Sigmund


Message History

The sky beast hits you. The sky beast shocks you.
You take 7 damage, and have 9/24 hp.
MASSIVE DAMAGE!!
You barely miss the sky beast.
The sky beast is severely wounded.
The sky beast hits you. The sky beast shocks you.
* * * LOW HITPOINT WARNING * * *
You take 7 damage, and have 2/24 hp.
MASSIVE DAMAGE!!
Your shroud begins to fray at the edges.
The sky beast flickers out of sight!
Deactivating autopickup; reactivate with Ctrl-A.
There is a stone staircase leading up here.
Something completely misses you.
You climb upwards.
Level annotation: Sigmund Your shroud unravels.
Your magical infusion is running out.
There is a stone staircase leading down here.
You start resting.
Something hits you.
* * * LOW HITPOINT WARNING * * *
Something shocks you.
You die...

#... #... #...
##########...
#............
######............
#....'............
#.####............
#@................
#########.######..
#.# #.. #####.#
#..
##.....######..
#.....)....####
###..........#
###............#
#..............#


There were no monsters in sight!

Vanquished Creatures
  An adder (D:2)
  A worm (D:3)
  A dart slug (D:2)
  3 leopard geckos
  An orc (D:3)
  2 ball pythons
  A giant cockroach (D:3)
  6 goblins
  3 hobgoblins
  3 jackals (D:1)
  4 kobolds (D:1)
  8 bats
  A frilled lizard (D:1)
  6 rats
41 creatures vanquished.

Notes
Turn   | Place    | Note
-------+----------+-------------------------------------------
     0 | D:1      | Haldmier the High Elf Skald began the quest for the Orb.
     0 | D:1      | Reached XP level 1. HP: 14/14 MP: 4/4
   259 | D:1      | Reached skill level 3 in Long Blades
   326 | D:1      | Reached XP level 2. HP: 19/19 MP: 6/6
   330 | D:1      | Learned a level 2 spell: Shroud of Golubria
  1348 | D:2      | Noticed Sigmund
  1492 | D:3      | Reached skill level 4 in Long Blades
  1492 | D:3      | Reached XP level 3. HP: 23/24 MP: 7/7
  1524 | D:3      | Learned a level 3 spell: Spectral Weapon
  1746 | D:3      | Reached skill level 1 in Translocations
  2252 | D:3      | Noticed a sky beast
  2321 | D:2      | Slain by a sky beast

Skill      XL: |  1  2  3 |
---------------+----------+-----
Long Blades    | 3 4 |  4.3
Translocations | 2 |  2.1
Fighting       | |  2.0
Armour         | |  0.8
Dodging        | |  1.1
Spellcasting   | |  2.4
Charms         | |  3.6

Action                   || total
-------------------------++-------
Melee: Falchion          ||   127
 Cast: Infusion          ||    17
       Shroud of Golubri ||     7
       Spectral Weapon   ||     1
  Eat: Chunk             ||     5
Armor: Leather armour    ||    50
Dodge: Dodged            ||    64
       Rpst.: Falchion   ||    23
